 Dungeon Crawl Stone Soup version 0.29.1-15-g9cfb28693d (webtiles) character file.

Game seed: 12019265748512833940

939 Atreus the Chopper (level 7, -4/69 HPs)
             Began as a Palentonga Berserker on Mar 6, 2023.
             Was a Priest of Trog.
             Slain by an ogre
             ... wielding a +0 giant spiked club
              (35 damage)
             ... on level 5 of the Dungeon.
             The game lasted 00:08:33 (5353 turns).

Atreus the Chopper (Palentonga Berserker)           Turns: 5353, Time: 00:08:33

Health: -4/69      AC: 15    Str: 25    XL:     7   Next: 87%
Magic:  7/7        EV:  6    Int:  7    God:    Trog [***...]
Gold:   159        SH:  0    Dex:  9    Spells: 6/6 levels left

rFire   . . .      SeeInvis +   a - +0 hand axe
rCold   . . .      Faith    .   (no shield)
rNeg    . . .      Spirit   .   p - +0 chain mail
rPois   +          Reflect  .   (no helmet)
rElec   .          Harm     .   u - +0 cloak
rCorr   .          Rampage  .   (no gloves)
Will    .....                   (no barding)
Stlth   ..........              (no amulet)
HPRegen 0.21/turn               s - ring of poison resistance
MPRegen 0.10/turn               (no ring)

@: on berserk cooldown, slowed, curled up, very slow
A: large, rugged brown scales 3, see invisible, deformed body, roll 2, armoured
tail, reflexive curl, robust 1
a: Rolling Charge, Renounce Religion, Berserk, Trog's Hand


You were on level 5 of the Dungeon.
You worshipped Trog.
Trog was most pleased with you.
You visited 1 branch of the dungeon, and saw 5 of its levels.

You collected 159 gold pieces.

Inventory:

Hand Weapons
 a - a +0 hand axe (weapon)
Missiles
 b - a throwing net
Armour
 c - a +0 pair of boots
 p - a +0 chain mail (worn)
 u - a +0 cloak (worn)
Jewellery
 s - a ring of poison resistance (left hand)
Wands
 d - a wand of mindburst (10)
 j - a wand of charming (9) (quivered)
Scrolls
 k - a scroll of butterflies
 l - a scroll of noise
 q - a scroll of magic mapping
 r - a scroll of amnesia
 t - a scroll of blinking
Potions
 e - 2 potions of attraction {unknown}
 f - 3 potions of haste {unknown}
 g - 2 potions of might {unknown}
 h - 2 potions of cancellation {unknown}
 i - a potion of degeneration {unknown}
 m - a potion of heal wounds {unknown}
 n - a potion of brilliance {unknown}
 o - 3 potions of curing {unknown}


   Skills:
 * Level 6.3 Fighting
 + Level 7.6 Axes
 - Level 1.5 Armour
 - Level 1.5 Dodging
 - Level 0.4 Stealth


You had 6 spell levels left.
You didn't know any spells.
Your spell library contained the following spells:

 Spells                   Type           Power      Damage    Failure   Level
 Ensorcelled Hibernation  Hex/Ice        0%         N/A       99%         2
 Passwall                 Tmut/Erth      0%         N/A       99%         2
 Gell's Gravitas          Tloc           0%         N/A       100%        3
 Lesser Beckoning         Tloc           0%         N/A       100%        3
 Swiftness                Air            0%         N/A       100%        3
 Teleport Other           Tloc           0%         N/A       100%        3


Dungeon Overview and Level Annotations

Branches:
Dungeon (5/15)
 Temple: D:4-7

Altars:

Shops:
D:1 (


Innate Abilities, Weirdness & Mutations

You are completely covered in rugged brown scales. (AC +3, +7% HP)
You have supernaturally acute eyesight. (SInv)
Armour fits poorly on your strangely shaped body.
You can roll at foes to attack.
You have a long armoured tail.
You curl defensively after being hit. (AC +7*)
You are robust. (+10% HP)


Message History

The quasit gives a chilling moan.
The adder hisses angrily.
You slash the quasit! You tail-slap the quasit!
You kill the quasit!
Trog accepts your kill.
An ogre comes into view. It is wielding a +0 giant spiked club.
You feel your dexterity returning. The adder bites you but does no damage.
The adder bites you.
You hit the adder.
The adder is heavily wounded.
The adder bites you. x2
The adder bites you but does no damage. The adder attacks as you move away!
The adder bites you but does no damage. The adder bites you.
You hit the adder.
The adder is almost dead.
The adder barely misses you. The adder bites you.
The adder barely misses you. x2
You hit the ogre.
The ogre is lightly wounded.
You hit the adder.
You kill the adder!
Trog accepts your kill.
The ogre hits you with a +0 giant spiked club!
You hit the ogre.
The ogre is moderately wounded.
The ogre hits you with a +0 giant spiked club!
Throw: throwing net
Press: ? - help, Q - select action, (/) - cycle Shift-Dir - straight line, f - ogre
Aim: an ogre, wielding a +0 giant spiked club (moderately wounded, 73% to hit)
Okay, then.
Aiming: Charm
Press: ? - help, Q - select action, (/) - cycle Shift-Dir - straight line, f - ogre
Aim: an ogre, wielding a +0 giant spiked club (moderately wounded, chance to affect: 49%)
The ogre resists with some effort.
The ogre hits you with a +0 giant spiked club!!
Ouch! That really hurt!
You die...

♣.# ##.#(##.# ###.#...)# ..#
#. ##...#..### ♣.##
#.###.......# ...#
#..#...###..### #...# #
#...#.# #....# ##.....##.#
##.....##§≈...# #
###.....####.....###≈§.[## #
........#.###..#§§≈§.#
#####.#........O@..##≈≈≈.≈≈
...<......###.......##≈.≈≈≈#
..####......##......###≈.≈##
#.# .##.#.......# ##.## #..#
###.##.........# ##.#
...............# .#
.....##........# [.
##....#......# ..#
#...####......#


You could see an ogre.

Vanquished Creatures
  A black bear (D:4)
  A sky beast (D:4)
  4 scorpions
  A howler monkey (D:4)
  3 quasits (D:5)
  2 hounds
  2 orc wizards
  9 adders
  4 gnolls (D:5)
  A shadow imp (D:5)
  4 white imps (D:5)
  2 ufetubi (D:5)
  2 worms (D:4)
  3 dart slugs
  8 orcs
  4 ball pythons
  2 bats (D:2)
  7 endoplasms
  3 giant cockroaches
  14 goblins
  5 hobgoblins
  4 jackals (D:5)
  4 kobolds
  3 quokkas
  A frilled lizard (D:2)
  3 rats
97 creatures vanquished.

Vanquished Creatures (others)
  18 demonic plants (D:5)
18 creatures vanquished.

Grand Total: 115 creatures vanquished

Notes
Turn   | Place    | Note
-------+----------+-------------------------------------------
     0 | D:1      | Atreus the Palentonga Berserker began the quest for the
                  | Orb.
     0 | D:1      | Reached XP level 1. HP: 19/19 MP: 1/1
   205 | D:1      | Reached XP level 2. HP: 19/25 MP: 2/2
   434 | D:1      | Found Dabrifru's Antique Weapon Emporium.
   778 | D:1      | Found a faded altar of an unknown god.
  1306 | D:2      | Reached XP level 3. HP: 31/31 MP: 3/3
  1418 | D:2      | You fall into a shaft and drop 2 floors!
  1428 | D:4      | Noticed a scorpion
  1435 | D:4      | Killed a scorpion
  1436 | D:4      | Reached skill level 4 in Axes
  1436 | D:4      | Reached XP level 4. HP: 24/39 MP: 4/4
  1442 | D:4      | Gained mutation: You are robust. (+10% HP) [potion of
                  | mutation]
  1442 | D:4      | Gained mutation: You can roll at foes to attack. [potion of
                  | mutation]
  2221 | D:3      | Reached ** piety under Trog
  2941 | D:4      | Reached XP level 5. HP: 49/49 MP: 5/5
  3059 | D:4      | Reached skill level 5 in Axes
  3204 | D:4      | Noticed a black bear
  3210 | D:4      | Killed a black bear
  3211 | D:4      | Reached XP level 6. HP: 57/57 MP: 6/6
  3378 | D:4      | Reached skill level 6 in Axes
  3463 | D:4      | Reached skill level 5 in Fighting
  3946 | D:4      | Noticed a sky beast
  3957 | D:4      | Killed a sky beast
  3958 | D:4      | Gained mutation: You curl defensively after being hit. (AC
                  | +7*) [Palentonga growth]
  3958 | D:4      | Reached XP level 7. HP: 65/65 MP: 7/7
  4163 | D:5      | Entered Level 5 of the Dungeon
  4374 | D:5      | Reached skill level 7 in Axes
  4914 | D:5      | Reached *** piety under Trog
  5353 | D:5      | Slain by an ogre

Illustrated notes

Levels and vault maps discovered:
D:1:      eino_arrival_cavern_b, layout_rooms, serial_shops, shop,
          shapermc_ecumenical_altar_starsandcircs, minmay_misc_feat_tower,
          st_stairs_13
D:2:      layout_loops_ring, serial_bayou_pond_d
D:3:      layout_basic
D:4:      layout_gridville, minmay_fractal_squares_diagonal_5
D:5:      layout_rooms, minmay_temple_entry_fiery, serial_demonic,
          serial_demonic_f, serial_demonic_g, serial_demonic_a,
          serial_demonic_e, serial_demonic_g, serial_demonic_a,
          serial_demonic_b, serial_demonic_e, serial_demonic_b,
          serial_demonic_g, hangedman_decor_peaks_small

Skill      XL: |  1  2  3  4  5  6  7 |
---------------+----------------------+-----
Axes           | 4 5 6 7 |  7.6
Fighting       | 4 5 6 |  6.3
Armour         | |  1.5
Dodging        | |  1.5
Stealth        | |  0.4

Action                   |  1- 3 |  4- 6 |  7- 9 || total
-------------------------+-------+-------+-------++-------
Melee: Hand axe          |    50 |   108 |   115 ||   273
       Tailslap          |     1 |    12 |     9 ||    22
       Punch             |       |     1 |     2 ||     3
Invok: Berserk           |     2 |     3 |     3 ||     8
 Abil: Rolling Charge    |    20 |    21 |    11 ||    52
Evoke: Wand              |       |       |     1 ||     1
  Use: Scroll            |     2 |     3 |     5 ||    10
       Potion            |       |     1 |       ||     1
Armor: Ring mail         |    26 |    25 |       ||    51
       Chain mail        |       |    27 |   110 ||   137
Dodge: Dodged            |    23 |    44 |    57 ||   124
